 Dungeon Crawl Stone Soup version 0.28-a0-1567-g1695149f81 (webtiles) character file.

Game seed: 16733466186025879193

21 hatsuma the Caller (level 2, -3/25 HPs)
             Began as a Naga Summoner on Jan 19, 2022.
             Slain by an adder (4 damage)
             ... on level 2 of the Dungeon.
             The game lasted 00:06:28 (1649 turns).

hatsuma the Caller (Naga Summoner)                  Turns: 1649, Time: 00:06:29

Health: -3/25      AC:  1    Str: 10    XL:     2   Next: 87%
Magic:  3/5        EV:  9    Int: 15    God:
Gold:   43         SH:  0    Dex: 11    Spells: 2/5 levels left

rFire   . . .      SeeInvis +   g - +0 dagger
rCold   . . .      Faith    .   (no shield)
rNeg    . . .      Spirit   .   a - +0 robe
rPois   +          Reflect  .   (no helmet)
rElec   .          Harm     .   (no cloak)
rCorr   .          Rampage  .   (no gloves)
Will    .....                   (no barding)
Stlth   ++........              (no amulet)
HPRegen 0.08/turn               (no ring)
MPRegen 0.09/turn               (no ring)

@: lethally poisoned (-3 -> -4), very slow
A: AC +0, large, see invisible, deformed body, poison resistance, slowness 2,
spit poison 1, naga tail 1
a: Spit Poison


You were on level 2 of the Dungeon.
You visited 1 branch of the dungeon, and saw 2 of its levels.

You collected 43 gold pieces.

Inventory:

Hand Weapons
 g - a +0 dagger (weapon)
Armour
 a - a +0 robe (worn)
 e - a +0 buckler
Potions
 c - 3 potions of brilliance
 f - a potion of ambrosia


   Skills:
 - Level 1.4 Fighting
 + Level 0.6 Short Blades
 - Level 1.5 Dodging
 - Level 3.4 Stealth
 - Level 1.0 Unarmed Combat
 - Level 2.0 Spellcasting
 - Level 4.0 Summonings


You had 2 spell levels left.
You knew the following spells:

 Your Spells              Type           Power      Damage    Failure   Level
a - Summon Small Mammal   Summ           52%        N/A       4%          1
b - Call Imp              Summ           13%        N/A       6%          2

Your spell library contained the following spells:

 Spells                   Type           Power      Damage    Failure   Level
 Magic Dart               Conj           4%         1d3       22%         1
 Searing Ray              Conj           2%         2d4       32%         2
 Call Canine Familiar     Summ           13%        N/A       13%         3
 Summon Guardian Golem    Hex/Summ       7%         N/A       28%         3
 Summon Lightning Spire   Summ/Air       7%         N/A       67%         4
 Fulminant Prism          Conj/Hex       0%         3d6       91%         4


Dungeon Overview and Level Annotations

Branches:
Dungeon (2/15)

Altars:


Innate Abilities, Weirdness & Mutations

Your serpentine skin is tough. (AC +0)
You have supernaturally acute eyesight. (SInv)
Armour fits poorly on your strangely shaped body.
Your system is resistant to poisons. (rPois)
You cover ground very slowly.
You can spit poison.
You have a snake-like lower body.


Message History

Magic restored.
Your bat disappears in a puff of smoke!
Your quokka disappears in a puff of smoke!
An adder comes into view.
Casting: Summon Small Mammal (safe; 4% risk of failure)
Confirm with . or Enter, or press ? or * to list all spells.
The adder hisses angrily.
You swap places.
Your rat misses the adder. The adder bites your rat.
Your rat dies!
Your rat's corpse disappears in a puff of smoke!
Casting: Summon Small Mammal (safe; 4% risk of failure)
Confirm with . or Enter, or press ? or * to list all spells.
You swap places.
The adder barely misses your rat. The adder bites your rat.
Your rat barely misses the adder.
Casting: Summon Small Mammal (safe; 4% risk of failure)
Confirm with . or Enter, or press ? or * to list all spells.
The adder barely misses your rat.
Your rat misses the adder. Something bites your rat.
Your rat dies!
Your rat's corpse disappears in a puff of smoke!
Your rat misses the adder. The adder bites you.
You are poisoned.
The adder poisons you!
You feel sick.
Your rat misses the adder. The adder barely misses you.
You barely miss the adder.
You feel sick. The adder bites you.
You are more poisoned.
The adder poisons you!
Your rat misses the adder. You miss the adder.
You feel sick. The adder bites you.
Your rat closely misses the adder.
You closely miss the adder.
You feel sick. The adder closely misses you.
Your rat closely misses the adder.
The adder bites you.
You swap places.
You feel sick. The adder bites you.
* * * LOW HITPOINT WARNING * * *
Your rat bites the adder.
You feel sick.
Your rat bites the adder.
The adder bites you.
* * * LOW HITPOINT WARNING * * *
Your rat misses the adder.
* * * LOW HITPOINT WARNING * * *
You feel sick. The adder bites you.
You die...

+..........#####.#
#................#
#..........#######
#####......#
#.#.#### #.#.#
#.#.#
#.#.#############
#.........@Sr.#
#############.#
..........#
########..# #..#
#..# #..# ..## #.#


You could see an adder (ally target) and a friendly rat (summoned).

Vanquished Creatures
  4 ball pythons (D:1)
  A bat (D:1)
  An endoplasm (D:1)
  A goblin (D:1)
  2 hobgoblins (D:1)
  A frilled lizard (D:1)
10 creatures vanquished.

Vanquished Creatures (collateral kills)
  An endoplasm (D:2)
  3 goblins
  A hobgoblin (D:1)
  A quokka (D:1)
  A ball python (D:1)
7 creatures vanquished.

Grand Total: 17 creatures vanquished

Notes
Turn   | Place    | Note
-------+----------+-------------------------------------------
     0 | D:1      | hatsuma the Naga Summoner began the quest for the Orb.
     0 | D:1      | Reached XP level 1. HP: 15/15 MP: 3/3
   269 | D:1      | Reached skill level 1 in Fighting
   539 | D:1      | Reached XP level 2. HP: 24/25 MP: 3/5
   841 | D:1      | Reached skill level 1 in Unarmed Combat
  1529 | D:1      | Learned a level 2 spell: Call Imp
  1649 | D:2      | HP: 1/25 [poisoned by an adder]
  1649 | D:2      | Slain by an adder

Illustrated notes

Levels and vault maps discovered:
D:1:      giann_horns, layout_basic
D:2:      layout_basic, uniq_terence

Skill      XL: |  1  2 |
---------------+-------+-----
Fighting       | 1 |  1.4
Unarmed Combat | 1 |  1.0
Short Blades   | |  0.6
Dodging        | |  1.5
Stealth        | |  3.4
Spellcasting   | |  2.0
Summonings     | |  4.0

Action                   || total
-------------------------++-------
Melee: Unarmed           ||    39
       Dagger            ||     4
 Cast: Summon Small Mamm ||    19
  Use: Scroll            ||     3
 Stab: Sleeping          ||     5
Armor: Robe              ||     3
Dodge: Dodged            ||    20

Table legend: (Time is in decaauts)
 A = Elapsed time spent in this place.
 B = Non-inter-level travel time spent in this place.
 C = Inter-level travel time spent in this place.
 D = Time resting spent in this place.
 E = Time spent auto-exploring this place.
 F = Levels seen in this place.
 G = Mean time per level.
                   A        B        C        D        E       F      G
               +--------+--------+--------+--------+--------+-----+--------+
         Total |   1986 |   1948 |     38 |     93 |   1631 |   2 |  993.0 |
       Dungeon |   1986 |   1948 |     38 |     93 |   1631 |   2 |  993.0 |
               +--------+--------+--------+--------+--------+-----+--------+

Top non-repeatable levels by time:
     D:1: 1872 daAuts
     D:2: 113 daAuts
